 Dungeon Crawl Stone Soup version 0.29.1-1-gd02db6906a (webtiles) character file.

Game seed: 7628781560337284264

150 Zeld the Chopper (level 5, -5/47 HPs)
             Began as a Minotaur Berserker on Oct 16, 2022.
             Was a Believer of Trog.
             Slain by an ice devil (8 damage)
             ... on level 1 of the Abyss.
             The game lasted 00:02:57 (3409 turns).

Zeld the Chopper (Minotaur Berserker)               Turns: 3409, Time: 00:02:57

Health: -5/47      AC:  2    Str: 23    XL:     5   Next: 10%
Magic:  4/4        EV: 12    Int:  4    God:    Trog [**....]
Gold:   62         SH:  0    Dex: 10    Spells: 4/4 levels left

rFire   . . .      SeeInvis .   a - +0 war axe
rCold   . . .      Faith    .   (no shield)
rNeg    . . .      Spirit   .   b - +0 animal skin
rPois   .          Reflect  .   (helmet restricted)
rElec   .          Harm     .   (no cloak)
rCorr   .          Rampage  .   (no gloves)
Will    .....                   (no boots)
Stlth   +.........              (no amulet)
HPRegen 0.15/turn               (no ring)
MPRegen 0.09/turn               (no ring)

@: no status effects
A: horns 2, retaliatory headbutt
a: Renounce Religion, Berserk, Trog's Hand


You were on level 1 of the Abyss.
You worshipped Trog.
Trog was pleased with you.
You visited 1 branch of the dungeon, and saw 4 of its levels.
You visited the Abyss 1 time.

You collected 62 gold pieces.

Inventory:

Hand Weapons
 a - a +0 war axe (weapon)
Armour
 b - a +0 animal skin (worn)
Wands
 l - a wand of polymorph (9)
Scrolls
 c - 3 scrolls of identify {unknown}
 f - a scroll of fear {unknown}
 j - 2 scrolls of immolation {unknown}
 p - a scroll of silence {unknown}
 q - 2 scrolls of torment {unknown}
 r - a scroll of enchant armour {unknown}
 s - a scroll of magic mapping {unknown}
Potions
 d - a potion of cancellation {unknown}
 e - 4 potions of heal wounds {unknown}
 g - 2 potions of attraction {unknown}
 h - a potion of invisibility {unknown}
 i - 2 potions of mutation {unknown}
 k - a potion of degeneration {unknown}
 m - a potion of ambrosia {unknown}
 n - 2 potions of curing {unknown}
 o - 2 potions of haste {unknown}


   Skills:
 + Level 4.4 Fighting
 * Level 5.3 Axes
 + Level 3.5 Armour
 + Level 3.2 Dodging


You had 4 spell levels left.
You didn't know any spells.
Your spell library was empty.

Dungeon Overview and Level Annotations

Branches:
Dungeon (4/15)
 Temple: D:4-7

Altars:
Cheibriados
Makhleb

Annotations:
D:4 Edmund


Innate Abilities, Weirdness & Mutations

You have a pair of horns on your head.
You reflexively headbutt those who attack you in melee.


Message History

Unknown command.
Unknown command.
No target in view!
Unknown command.
Unknown command.
You start resting.
You feel a strong urge to attack something.
You start resting.
You feel your anger nearly subside.
You are no longer berserk.
You are exhausted.
You feel yourself slow down.
You start resting.
A smoke demon materialises.
A smoke demon is nearby!
A smoke demon is nearby!
You start resting.
HP restored.
You start waiting.
You feel yourself speed up.
An apocalypse crab is nearby!
You start waiting.
You recover from your berserk rage.
A lurking horror comes into view.
Press: ? - help, v - describe, . - travel
Here: a lurking horror The floor.
Unknown command.
Your body is wracked with pain!
You start resting.
A smoke demon is nearby!
A smoke demon is nearby!
The smoke demon roars!
An ice devil comes into view.
The smoke demon gestures at you. Something smites you!
The smoke demon gestures at you. Something smites you!
* * * LOW HITPOINT WARNING * * *
The ice devil hits you!
You die...

.. .. .. 3 .#
#.########### #.#
.......@....#######.###
........4....3........#
......................#
......................#
............###########
............#
...##........ ...
.......... ......


You could see an ice devil and a smoke demon.

Vanquished Creatures
  An orc priest (D:3)
  A gnoll (D:3)
  3 adders
  A worm (D:3)
  A dart slug (D:2)
  5 orcs (D:3)
  3 ball pythons
  5 bats
  9 endoplasms
  3 giant cockroaches
  6 goblins
  5 hobgoblins
  4 jackals (D:3)
  11 kobolds
  A quokka (D:1)
  4 frilled lizards
  7 rats
70 creatures vanquished.

Vanquished Creatures (others)
  A lurking horror (Abyss:1)
1 creature vanquished.

Grand Total: 71 creatures vanquished

Notes
Turn   | Place    | Note
-------+----------+-------------------------------------------
     0 | D:1      | Zeld the Minotaur Berserker began the quest for the Orb.
     0 | D:1      | Reached XP level 1. HP: 19/19 MP: 0/0
   445 | D:1      | Reached XP level 2. HP: 26/27 MP: 1/1
   465 | D:1      | Reached skill level 4 in Axes
  1072 | D:1      | Reached XP level 3. HP: 33/33 MP: 2/2
  1072 | D:1      | Reached ** piety under Trog
  2210 | D:3      | Found a faded altar of an unknown god.
  2220 | D:3      | Reached XP level 4. HP: 32/40 MP: 3/3
  2408 | D:3      | Reached skill level 5 in Axes
  2433 | D:3      | Found a snail-covered altar of Cheibriados.
  2777 | D:3      | Reached XP level 5. HP: 22/47 MP: 4/4
  3035 | D:3      | Found a burning altar of Makhleb.
  3313 | D:4      | Noticed Edmund
  3323 | Abyss:1  | Cast into level 1 of the Abyss (Edmund)
  3335 | Abyss:1  | Noticed a smoke demon
  3356 | Abyss:1  | Noticed an apocalypse crab
  3402 | Abyss:1  | Noticed an ice devil
  3409 | Abyss:1  | Slain by an ice devil

Illustrated notes

Levels and vault maps discovered:
D:1:      grunt_arrival_lava_bath, layout_basic, nrook_campfire,
          hangedman_decor_riveting
D:2:      layout_loops_corners
D:3:      layout_basic, lightli_temple_of_fire, mainiacjoe_overflow_boulevard,
          hellmonk_ecumenical_altar_lost_god, minmay_fractal_squares_5
D:4:      layout_basic, mainiacjoe_overflow_alcove_4, lemuel_crystal_altar,
          minmay_temple_entry_steel_oval, uniq_edmund
Abyss:1:  base: D:2, base:
D:4

Skill      XL: |  1  2  3  4 |
---------------+-------------+-----
Axes           | 4 5 |  5.3
Fighting       | 4 |  4.4
Armour         | 3 |  3.5
Dodging        | 3 |  3.2

Action                   |  1- 3 |  4- 6 || total
-------------------------+-------+-------++-------
Melee: Hand axe          |    51 |       ||    51
       Headbutt          |    10 |     5 ||    15
       War axe           |    25 |    37 ||    62
Invok: Berserk           |       |     1 ||     1
Armor: Animal skin       |     9 |     5 ||    14
Dodge: Dodged            |    59 |    22 ||    81
